 Dungeon Crawl Stone Soup version 0.26-a0-252-gb32a1a6195 (webtiles) character file.

Game seed: 10446630891704292731

150 BritishOli the Ducker (level 5, 14/41 HPs)
             Began as a Demonspawn Gladiator on July 9, 2020.
             Quit the game on level 2 of the Dungeon.
             The game lasted 00:01:26 (1907 turns).

BritishOli the Ducker (Demonspawn Gladiator)        Turns: 1907, Time: 00:01:26

Health: 14/41      AC:  3    Str: 15    XL:     5   Next: 10%
Magic:  2/5        EV: 13    Int: 10    God:
Gold:   84         SH:  0    Dex: 14    Spells: 4/4 levels left

rFire    . . .     SeeInvis .   a - +0 long sword
rCold    + . .     Faith    .   (no shield)
rNeg     . . .     Spirit   +   b - +0 leather armour
rPois    .         Reflect  .   (helmet restricted)
rElec    .         Harm     .   (no cloak)
rCorr    .                      (no gloves)
MR       .....                  (no boots)
Stlth    +.........             (no amulet)
HPRegen  0.13/turn              e - ring of protection from cold
MPRegen  0.18/turn              (no ring)

@: no status effects
A: horns 1, demonic guardian 1, magic shield, magic regeneration
a: no special abilities


You were on level 2 of the Dungeon.
You were not hungry.

You visited 1 branch of the dungeon, and saw 2 of its levels.

You collected 84 gold pieces.

Inventory:

Hand Weapons
 a - a +0 long sword (weapon)
Missiles
 d - 3 throwing nets (quivered)
Armour
 b - a +0 leather armour (worn)
 c - a +0 helmet
Jewellery
 e - a ring of protection from cold (left hand)
 h - an uncursed amulet of the acrobat {unknown}
 m - a +6 ring of intelligence {unknown}
Scrolls
 i - 3 scrolls of identify {unknown}
 j - a scroll of noise {unknown}
 k - a scroll of enchant armour {unknown}
Potions
 g - 4 potions of mutation {unknown}
 l - a potion of haste {unknown}
 n - a potion of degeneration {unknown}
Comestibles
 f - 9 rations


   Skills:
 + Level 3.1 Fighting
 + Level 3.4 Long Blades
 - Level 2.0 Throwing
 + Level 1.8 Armour
 + Level 3.5 Dodging


You had 4 spell levels left.
You didn't know any spells.
Your spell library was empty.

Dungeon Overview and Level Annotations

Branches:
Dungeon (2/15)

Altars:


Innate Abilities, Weirdness & Mutations

You have a pair of small horns on your head.
A weak demonic guardian rushes to your aid.
When hurt, damage is shared between your health and your magic reserves.
You regenerate magic rapidly.


Message History

Your shadow imp hits the quokka.
The quokka dies!
The orc priest closely misses you. The orc closely misses you.
There is an open door here.
You barely miss the orc priest.
The orc priest is moderately wounded.
Your shadow imp hits the orc priest.
The orc priest hits you with a +0 mace! The orc closely misses you.
You slash the orc priest!
You kill the orc priest!
You have reached level 5!
Your demonic ancestry asserts itself...
You feel your magic shroud grow more resilient.
The orc hits you with a +0 club.
You hit the orc but do no damage.
The orc is almost dead.
Your shadow imp barely misses the orc.
The orc hits you with a +0 club.
You hit the orc.
You kill the orc!
Are you sure you want to abandon this character and quit the game? (Confirm with "yes".)

##.## ##.# #.# #.#
#.# #.# ##+# #.#
#...# ##.## .....#
####...## ......#
##.#.....##
......)####.........#
......5@...........##
......)####.......##
......# ##.#.#.##
.....# ###.### ....#
#.# ...# #.# .#. #.#
. #.# #.#


You could see a friendly shadow imp (summoned).

Vanquished Creatures
  2 orc priests (D:2)
  An orc wizard (D:2)
  3 adders (D:2)
  3 oozes
  2 dart slugs
  3 orcs (D:2)
  7 bats
  7 goblins
  5 hobgoblins
  5 frilled lizards
  2 kobolds (D:1)
  2 rats
42 creatures vanquished.

Vanquished Creatures (collateral kills)
  A giant cockroach (D:2)
  A quokka (D:2)
2 creatures vanquished.

Grand Total: 44 creatures vanquished

Notes
Turn   | Place    | Note
-------+----------+-------------------------------------------
     0 | D:1      | BritishOli the Demonspawn Gladiator began the quest for the
                  | Orb.
     0 | D:1      | Reached XP level 1. HP: 16/16 MP: 1/1
   183 | D:1      | Gained mutation: When hurt, damage is shared between your
                  | health and your magic reserves. [demonic ancestry]
   183 | D:1      | Reached XP level 2. HP: 4/22 MP: 2/2
   561 | D:1      | Gained mutation: A weak demonic guardian rushes to your
                  | aid. [demonic ancestry]
   561 | D:1      | Reached XP level 3. HP: 22/28 MP: 3/3
   931 | D:2      | Reached skill level 1 in Armour
  1443 | D:2      | Gained mutation: You have a pair of small horns on your
                  | head. [demonic ancestry]
  1443 | D:2      | Reached XP level 4. HP: 34/34 MP: 4/4
  1904 | D:2      | Gained mutation: You regenerate magic rapidly. [demonic
                  | ancestry]
  1904 | D:2      | Reached XP level 5. HP: 20/41 MP: 3/5
  1907 | D:2      | Quit the game

Illustrated notes

Levels and vault maps discovered:
D:1:      tarquinn_simple_flora_water_a, layout_rooms
D:2:      layout_loops_corners, minmay_misc_feat_plants

Skill      XL: |  1  2  3  4 |
---------------+-------------+-----
Throwing       | 2 |  2.0
Dodging        | 3 |  3.5
Long Blades    | 3 |  3.4
Armour         | 1 |  1.8
Fighting       | 3 |  3.1

Action                   |  1- 3 |  4- 6 || total
-------------------------+-------+-------++-------
Melee: Long sword        |    73 |    22 ||    95
       Headbutt          |       |     6 ||     6
 Stab: Sleeping          |     2 |       ||     2
  Eat: Ration            |     1 |       ||     1
Armor: Leather armour    |    19 |     4 ||    23
Dodge: Dodged            |    71 |    19 ||    90
       Rpst.: Long sword |    23 |     6 ||    29

Table legend:
 A = Non-vault XP
 B = Vault XP
 C = Vault XP percentage of total XP
 D = Non-vault monster count
 E = Vault monster count
 F = Vault count percentage of total count
                 A         B        C        D         E       F
            +---------+---------+-------+---------+---------+-------
      Total |     215 |       0 |   0.0 |      44 |       0 |   0.0
            +---------+---------+-------+---------+---------+-------
        D:1 |      48 |       0 |   0.0 |      22 |       0 |   0.0
        D:2 |     167 |       0 |   0.0 |      22 |       0 |   0.0
            +---------+---------+-------+---------+---------+-------
